 Dungeon Crawl Stone Soup version 0.31.0-12-g77e489cdc1 (webtiles) character file.

Game seed: 1746102052544437101

22816 112233 the Grappler (level 13, -1/90 HPs)
             Began as an Octopode Shapeshifter on Feb 14, 2024.
             Was an Initiate of Gozag.
             Slain by a two-headed ogre
             ... wielding a +0 giant club
              (20 damage)
             ... on level 10 of the Dungeon.
             The game lasted 00:15:59 (14137 turns).

112233 the Grappler (Octopode Shapeshifter)        Turns: 14137, Time: 00:15:59

Health: -1/90      AC:  5    Str: 16    XL:     13   Next: 2%
Magic:  13/13      EV: 28    Int: 12    God:    Gozag
Gold:   57         SH:  0    Dex: 20    Spells: 9/12 levels left

rFire   + .          .
                       - Unarmed
rCold   + . .        (shield currently unavailable)
rNeg    . . .        (helmet restricted)
rPois   +            J - amulet of magic regeneration
rElec   +            g - +4 ring of protection
rCorr   +            m - ring of willpower
SInv    .            C - +5 ring of evasion
Will    +....        I - +6 ring of dexterity
Stlth   +            (no ring)
HPRegen 0.35/turn    (no ring)
MPRegen 0.53/turn    (no ring)
                     (no ring)

%: no passive effects
@: flux-form, resistant, glowing, invisible (but backlit and visible)
A: glow, contaminating, almost no armour, amphibious, 8 rings, camouflage 1,
gelatinous body 1, (nimble swimmer 1), tentacles
a: Begin Untransformation, Renounce Religion, Potion Petition, Call Merchant,
Bribe Branch


You were on level 10 of the Dungeon.
You worshipped Gozag.
Gozag was noncommittal.
You were something dangerously unstable.
You visited 4 branches of the dungeon, and saw 16 of its levels.

You collected 2501 gold pieces.
You paid 2444 gold pieces to Gozag.

Inventory:

Hand Weapons
 v - a +0 demon trident of electrocution
Missiles
 a - 3 curare-tipped darts
 o - 31 poisoned darts (quivered)
 N - a throwing net
Armour
 t - a +0 tower shield
Jewellery
 g - a +4 ring of protection (left tentacle)
 m - a ring of willpower (right tentacle)
 w - a ring of fire
 C - a +5 ring of evasion (on tentacle)
 F - a ring of ice
 I - a +6 ring of dexterity (on tentacle)
 J - an amulet of magic regeneration (around mantle)
 O - a ring of protection from cold
Talismans
 b - a beast talisman
 c - a flux talisman (active)
 y - a serpent talisman
Wands
 d - a wand of roots (2)
 r - a wand of quicksilver (6)
 x - a wand of charming (10)
 E - a wand of mindburst (6)
Scrolls
 e - 2 scrolls of blinking {unknown}
 f - 5 scrolls of identify
 i - 2 scrolls of enchant armour {unknown}
 k - a scroll of fog {unknown}
 l - 3 scrolls of poison {unknown}
 q - 2 scrolls of teleportation
 s - 2 scrolls of enchant weapon {unknown}
 u - 5 scrolls of noise
 A - a scroll of fear
 D - 2 scrolls of immolation
 G - a scroll of acquirement {unknown}
 H - a scroll of amnesia {unknown}
 P - 2 scrolls of vulnerability {unknown}
Potions
 h - 3 potions of cancellation
 j - a potion of curing
 n - a potion of lignification
 p - a potion of attraction
 z - 2 potions of enlightenment
 B - a potion of resistance
 K - a potion of berserk rage
 L - 2 potions of mutation {unknown}
 M - a potion of heal wounds


   Skills:
 + Level 9.1 Fighting
 + Level 9.3 Dodging
 + Level 5.2 Shields
 + Level 11.9 Unarmed Combat
 * Level 11.4 Shapeshifting


You had 9 spell levels left.
You knew the following spells:

 Your Spells              Type           Power      Damage    Failure   Level
a - Fugue of the Fallen   Necr           0%         N/A       69%         3

Your spell library contained the following spells:

 Spells                   Type           Power      Damage    Failure   Level
 Apportation              Tloc           0%         N/A       32%         1
 Slow                     Hex            0%         N/A       32%         1
 Call Imp                 Summ           0%         N/A       45%         2
 Ensorcelled Hibernation  Hex/Ice        0%         N/A       45%         2
 Jinxbite                 Hex            0%         N/A       45%         2
 Sublimation of Blood     Necr           0%         N/A       45%         2
 Confusing Touch          Hex            0%         N/A       69%         3
 Sigil of Binding         Hex            0%         N/A       69%         3
 Stone Arrow              Conj/Erth      0%         3d7       69%         3
 Tukima's Dance           Hex            0%         N/A       69%         3
 Vampiric Draining        Necr           0%         2d6       69%         3
 Anguish                  Hex/Necr       0%         N/A       97%         4
 Cause Fear               Hex            0%         N/A       97%         4
 Dimensional Bullseye     Hex/Tloc       0%         N/A       97%         4
 Iskenderun's Mystic Bla  Conj/Tloc      0%         2d3       97%         4
 Alistair's Intoxication  Alch           0%         N/A       100%        5
 Fireball                 Conj/Fire      0%         3d3       100%        5
 Summon Hydra             Summ           0%         N/A       100%        7
 Lehudib's Crystal Spear  Conj/Erth      0%         10d2      100%        8
 Dragon's Call            Summ           0%         N/A       100%        9
 Animate Armour           Summ/Erth      Unusable   N/A       N/A         4

Dungeon Overview and Level Annotations

Branches:
Dungeon (12/15)            Temple (1/1) D:7            Lair (1/5) D:9
    Orc (2/2) D:10
    Elf: Orc:2

Altars:
Ashenzari
Cheibriados
Dithmenos
Elyvilon
Fedhas
Gozag
Hepliaklqana
Kikubaaqudgha
Makhleb
Nemelex Xobeh
Okawaru
Qazlal
Ru
Sif Muna
Trog
Uskayaw
Vehumet
Wu Jian
Xom
Yredelemnul
Zin
The Shining One

Shops:
D:9 :

Annotations:
D:4 2 runed translucent doors, 112233's ghost, amateur OpSh
D:6 exclusion: downstairs
D:8 1 runed translucent door, konni's ghost, novice MiBe
D:9 exclusion: downstairs
D:10 exclusion: downstairs
D:11 exclusions: downstairs and upstairs
D:12 3 runed translucent doors, GameOver's ghost, journeyman NaAl
Orc:1 1 runed translucent door, Peloso's ghost, journeyman MiFi


Innate Abilities, Weirdness & Mutations

You are something dangerously unstable.
You glow with magical radiation, making you easy to see and hit.
Foes you strike become dangerously contaminated with magical radiation.
You are incapable of wielding weapons or throwing items.
You cannot wear most types of armour.
You are amphibious.
You can wear up to eight rings at the same time.
Your skin changes colour to match your surroundings (Stealth+).
Your rubbery body absorbs attacks. (AC +1, EV +1)
((You are camouflaged when in or above water. (Stealth+)))
You have tentacles for arms and can constrict up to eight enemies at once.


Message History

Level annotation: 1 runed translucent door, Peloso's ghost, journeyman MiFi
There is a stone staircase leading down, spattered with blood here.
You see here a +2 heavy hand axe.
Unknown command.
Okay, then.
As you read the scroll labelled JAPTOV TECKEN, it crumbles to dust.
You assume a fearsome visage.
The ogre mage resists with almost no effort.
The warg looks frightened! x2
The two-headed ogre resists with some effort.
The two-headed ogre looks frightened!
It was a scroll of fear.
Unknown command.
The two-headed ogre misses you.
The two-headed ogre hits you with a +0 giant club!!
The ogre mage gestures wildly while chanting.
The ogre mage flickers and vanishes!
Deactivating autopickup; reactivate with Ctrl-A.
There is a staircase back to the Dungeon, spattered with blood here.
Things that are here:
a +0 plate armour; a +0 scimitar You hear some strange, mumbled words.
The two-headed ogre seems to speed up.
Cornered, the warg turns to fight!
The two-headed ogre closely misses you.
The two-headed ogre hits you with a +0 giant club!!
* * * LOW HITPOINT WARNING * * *
You climb upwards.
Welcome back to the Dungeon!
Level annotation: exclusion: downstairs Reactivating autopickup.
There is a staircase to the Orcish Mines here.
Unknown command. [a] - 208 gold - might and brilliance [b] - 216 gold - might and brilliance [c] - 504 gold - resistance and invisibility Purchase which effect?
You no longer have enough gold to petition Gozag for potion effects.
You feel protected.
You become transparent, but the glow from your form prevents you from becoming completely invisible.
The two-headed ogre hits you with a +0 giant club!!
You die...
Your body crumbles into a pile of gold.

#.###._..§§§...._.#.#..#...#..#.
#.# #...≈§≈§≈)≈...#.#.###.###.#)
#.# #§≈≈≈§§.≈.≈≈≈...#......#..#[
#.###.≈...≈.§[[.≈...#####.######
#.....≈.≈≈≈.≈≈≈.≈....# #.# #.
#####§.......).....#.# #.## #.
#######.####.....# #..## ##
#..)......#..## ##..###.
#......p......# ##.....
#...#...O..##.## ######
#...#8[..8#.#..## #.
#####...###'###..#..### ##
#<......#.....#.......#####.
#.......#.....#...........##
#.......#.._..#....#........
#.......#.....#.≈..#####....
#.......#.....#.~..# #####


You could see a two-headed ogre (fast).

Vanquished Creatures
  Fannar (D:10)
  A hydra (D:10)
  An ogre mage (D:10)
  3 centaur warriors (D:10)
  3 two-headed ogres
  A boulder beetle (D:12)
  A cyclops (D:11)
  An ugly thing (D:11)
  A kobold demonologist (D:10)
  2 unseen horrors
  A gargoyle (D:11)
  A komodo dragon (D:10)
  3 trolls
  Grinder (D:5)
  6 slime creatures
  A vampire (D:12)
  6 wyverns
  2 wraiths
  37 yaks
  2 shadows (D:10)
  2 humans (D:10)
  5 steam dragons
  A basilisk (D:9)
  A warg (Orc:1)
  Menkaure (D:5)
  A vampire mosquito (D:10)
  3 water moccasins (D:9)
  8 orc warriors
  2 black bears
  4 ogres
  7 centaurs
  A wolf (D:9)
  3 kobold brigands
  3 bullfrogs (D:8)
  2 gnoll sergeants (D:10)
  A scorpion (D:4)
  4 wights
  5 killer bees (D:9)
  3 howler monkeys
  2 hounds
  4 jellies
  2 bombardier beetles (D:7)
  9 orc priests
  An iguana (D:7)
  Ijyb (D:3)
  13 orc wizards
  8 gnolls
  7 adders
  A shadow imp (D:4)
  A white imp (D:7)
  2 ribbon worms (D:2)
  5 dart slugs
  34 orcs
  8 endoplasms
  7 giant cockroaches
  5 goblins
  6 hobgoblins
  3 jackals (D:1)
  20 kobolds
  5 quokkas
  9 ball pythons
  6 bats
  6 frilled lizards
  6 rats
303 creatures vanquished.

Vanquished Creatures (collateral kills)
  A shadow (D:11)
1 creature vanquished.

Vanquished Creatures (others)
  A kobold brigand (D:10)
1 creature vanquished.

Grand Total: 305 creatures vanquished

Notes
Turn   | Place    | Note
-------+----------+-------------------------------------------
     0 | D:1      | 112233 the Octopode Shapeshifter began the quest for the
                  | Orb.
     0 | D:1      | Reached XP level 1. HP: 13/13 MP: 1/1
   111 | D:1      | Reached XP level 2. HP: 18/18 MP: 2/2
   368 | D:1      | Reached XP level 3. HP: 16/23 MP: 3/3
  1112 | D:2      | Reached XP level 4. HP: 29/29 MP: 4/4
  1383 | D:2      | Identified the +6 trident of Truth {spect, Fly rF++ rCorr
                  | Dex+3}
  1621 | D:3      | Reached XP level 5. HP: 24/34 MP: 5/5
  1814 | D:3      | Noticed Ijyb
  1823 | D:3      | Killed Ijyb
  2239 | D:4      | Reached XP level 6. HP: 39/41 MP: 6/6
  2480 | D:4      | Reached skill level 5 in Unarmed Combat
  2830 | D:4      | Found a large runed translucent door.
  2833 | D:4      | Found a large runed translucent door.
  2833 | D:4      | Noticed 112233's ghost (amateur OpSh)
  3131 | D:5      | Entered Level 5 of the Dungeon
  3195 | D:5      | Reached XP level 7. HP: 31/46 MP: 7/7
  3306 | D:5      | Found a basalt altar of Yredelemnul.
  3308 | D:5      | Found a radiant altar of Vehumet.
  3339 | D:5      | Noticed Menkaure
  3349 | D:5      | Killed Menkaure
  3479 | D:5      | Noticed Grinder
  3488 | D:5      | Killed Grinder
  3636 | D:5      | Found a glowing golden altar of the Shining One.
  3657 | D:5      | Reached XP level 8. HP: 54/54 MP: 8/8
  4058 | D:6      | Reached skill level 5 in Shapeshifting
  4507 | D:7      | Noticed a wyvern
  4527 | D:7      | Killed a wyvern
  4528 | D:7      | Reached skill level 5 in Dodging
  4746 | D:7      | Reached XP level 9. HP: 52/60 MP: 9/9
  4751 | D:7      | Reached skill level 5 in Fighting
  5034 | D:7      | Found a staircase to the Ecumenical Temple.
  5047 | Temple   | Entered the Ecumenical Temple
  5059 | Temple   | Became a worshipper of Gozag Ym Sagoz the Greedy
  6033 | D:8      | Found a runed translucent door.
  6036 | D:8      | Noticed konni's ghost (novice MiBe)
  6037 | D:8      | Identified the +11 trident "Jiheinluu" {antimagic, Will+
                  | Dex+2 Stlth+}
  6669 | D:9      | Reached XP level 10. HP: 28/68 MP: 10/10
  6973 | D:9      | Found Ycaim's Tremendous Tomes.
  7041 | D:9      | Found a staircase to the Lair.
  7117 | D:9      | Reached skill level 10 in Unarmed Combat
  7474 | D:9      | Reached XP level 11. HP: 74/74 MP: 11/11
  7699 | D:9      | Found a shimmering blue altar of Sif Muna.
  7705 | D:9      | Found a bloodstained altar of Trog.
  7826 | D:9      | Learned a level 3 spell: Fugue of the Fallen
  8039 | D:9      | Noticed a two-headed ogre
  8044 | D:9      | Killed a two-headed ogre
  8217 | D:10     | Entered Level 10 of the Dungeon
  8224 | D:10     | Found a glowing silver altar of Zin.
  8224 | D:10     | Noticed an angel
  8231 | D:10     | Noticed a two-headed ogre
  8261 | D:10     | Found an iron altar of Okawaru.
  8274 | D:10     | Killed a two-headed ogre
  8275 | D:10     | Reached skill level 1 in Shields
  8714 | D:10     | Noticed a two-headed ogre
  8714 | D:10     | Noticed an ogre mage
  8714 | D:10     | Noticed an eight-headed hydra
  8714 | D:10     | Noticed a centaur warrior
  8714 | D:10     | Noticed a centaur warrior
  8760 | D:11     | Noticed a cyclops
  8772 | D:11     | Killed a cyclops
  9006 | D:11     | Noticed a cyan ugly thing
  9845 | D:10     | Noticed Fannar
  9858 | D:10     | Killed Fannar
  9859 | D:10     | Reached skill level 10 in Shapeshifting
  9999 | Lair:1   | Entered Level 1 of the Lair of Beasts
  9999 | Lair:1   | Noticed a death yak
 10261 | D:10     | Killed an ogre mage
 10262 | D:10     | Reached XP level 12. HP: 69/82 MP: 12/12
 10382 | D:10     | Killed a centaur warrior
 10398 | D:10     | Killed a two-headed ogre
 10447 | D:10     | Noticed a centaur warrior
 10466 | D:10     | Killed an eight-headed hydra
 10470 | D:10     | Killed a centaur warrior
 10808 | D:10     | Killed a centaur warrior
 10991 | D:10     | Found an ornate altar of the Wu Jian Council.
 10999 | D:10     | Found a sparkling altar of Nemelex Xobeh.
 11286 | D:10     | Found a staircase to the Orcish Mines.
 12428 | D:12     | Found a runed translucent gate.
 12488 | D:12     | Noticed GameOver's ghost (journeyman NaAl)
 12489 | D:12     | Found a runed translucent gate.
 12489 | D:12     | Found a runed translucent gate.
 12859 | D:12     | Reached skill level 5 in Shields
 13152 | D:12     | Noticed a boulder beetle
 13163 | D:12     | Killed a boulder beetle
 13477 | Orc:1    | Entered Level 1 of the Orcish Mines
 13477 | Orc:1    | Found a runed translucent door.
 13654 | Orc:1    | Reached XP level 13. HP: 83/90 MP: 13/13
 13771 | Orc:1    | Noticed Peloso's ghost (journeyman MiFi)
 13778 | Orc:2    | Entered Level 2 of the Orcish Mines
 14137 | D:10     | Slain by a two-headed ogre

Illustrated notes

Levels and vault maps discovered:
D:1:      nzn_arrival_settlement, layout_loops_ring, kennysheep_pointless_box,
          minmay_worlds_worst_comb
D:2:      layout_loops_ring, grunt_ministairs_6
D:3:      layout_basic, uniq_ijyb
D:4:      layout_loops_cross, ebering_ghost_disaster_area
D:5:      layout_cave_pools, mainiacjoe_overflow_tiny_flanked,
          chequers_temple_overflow_statue_of_worship, hex_large, uniq_menkaure,
          uniq_grinder
D:6:      layout_basic, nrook_campfire
D:7:      layout_rooms, minmay_temple_entry_arrows
D:8:      layout_loops_corners, ebering_ghost_funeral_grove
D:9:      layout_loops_ring, hellmonk_overflow_destroyed_library,
          minmay_lair_entry_grove, nicolae_shop_i_like_big_books, st_stairs_9,
          minmay_misc_feat_doors, grunt_ministairs_5
D:10:     minmay_the_grid_plus_closed [minmay_the_grid_slots,
          minmay_the_grid_spikes, minmay_the_grid_rooms,
          minmay_the_grid_minigrid_medium, minmay_the_grid_prize_big_room],
          layout_basic, zin_angel, okawaru_humans,
          mainiacjoe_overflow_large_starburst, minmay_orc_entry_temple_small,
          uniq_fannar
D:11:     minmay_weird_star, layout_irregular_city
D:12:     layout_rooms, gammafunk_ghost_nasty_kobolds, minmay_misc_feat_roman
Temple:   nicolae_temple_god_jail
Lair:1:   layout_hall_layers, beast_lair_carwin_5
Orc:1:    layout_caves, ebering_ghost_inner_flame, nicolae_orc_minecarts
Orc:2:    st_orc_pillars, layout_caves, nicolae_specific_store

Skill      XL: |  1  2  3  4  5  6  7  8  9 10 11 12 |
---------------+-------------------------------------+-----
Fighting       | 2 3 4 5 6 8 9 |  9.1
Unarmed Combat | 4 5 6 7 9 10 11 | 11.9
Dodging        | 3 4 5 6 7 8 9 |  9.3
Shapeshifting  | 4 5 7 8 10 11 | 11.4
Shields        | 3 5 |  5.2

Action                     |  1- 3 |  4- 6 |  7- 9 | 10-12 | 13-15 || total
---------------------------+-------+-------+-------+-------+-------++-------
  Melee: Unarmed           |    74 |   119 |   158 |   538 |    17 ||   906
         Tentacles         |    13 |    32 |    39 |   154 |     4 ||   242
         Constrict         |    18 |    28 |    28 |    59 |     4 ||   137
         Punch             |     2 |     4 |     8 |    15 |       ||    29
  Throw: Dart              |       |     4 |       |       |       ||     4
 Invoke: Potion Petition   |       |       |       |     6 |     1 ||     7
  Evoke: Wand              |       |       |       |    10 |       ||    10
    Use: Potion            |       |     2 |     9 |     8 |       ||    19
         Scroll            |       |       |       |     3 |     1 ||     4
   Stab: Sleeping          |     8 |     5 |     3 |     1 |       ||    17
         Distracted        |       |       |       |     6 |       ||     6
 Armour: Skin              |    20 |    49 |    85 |   189 |    13 ||   356
  Dodge: Dodged            |    33 |    56 |   102 |   483 |    37 ||   711
   Form: Flux              |       |       |       |     1 |       ||     1
